AoeStats
← wolololigma

Oasis

509254557Analyzed
3v3 RM · 6d ago on Sep 26, 2026· 48m 33s· 6 players
Game mode
Random Map
Map size
Normal (6 player)
Population
200
Speed
Normal
Resources
Standard
Victory
Conquest
Starting age
Dark Age
Ending age
Imperial Age
RankedLock teamsTeams togetherTeam positionsShared explorationLock speedFull tech treeHidden civsTurbo modeCheats
Victory
Defeat
🇺🇸 Franks · United States
1132
+12
🇺🇸 Varangians · United States
1106
+13
🇺🇸 Teutons · United States
1043
+16
🇨🇱 Byzantines · Chile
1089
-16
🇵🇪 Burgundians · Peru
1019
-13
🇲🇽 Varangians · Mexico
1006
-12
zesar434
7:03 Loom
9:17 Feudal Age
10:19 Double-Bit Axe
10:15 Man-at-Arms
18:17 Gold Mining
20:46 Castle Age
18:41 Fletching
20:43 Stone Mining
20:38 Horse Collar
22:08 Gold Shaft Mining
21:45 Heavy Plow
24:04 Bow Saw
25:03 Scale Barding Armor
25:09 Forging
28:15 Chain Barding Armor
29:28 Iron Casting
31:10 Wheelbarrow
31:27 Stone Shaft Mining
31:13 Husbandry
32:55 Hand Cart
38:22 Elite Skirmisher
46:25 Imperial Age
44:52 Greek Fire
MOROCHO
10:19 Feudal Age
10:42 Loom
11:40 Double-Bit Axe
18:40 Wheelbarrow
22:31 Castle Age
21:10 Gold Mining
21:52 Scale Barding Armor
22:04 Forging
22:08 Bloodlines
23:15 Husbandry
34:30 Hand Cart
40:35 Imperial Age
38:52 Chain Barding Armor
39:36 Squires
40:55 Bow Saw
40:16 Pikeman
45:42 Man-at-Arms
45:43 Halberdier
46:15 Halberdier
nofear090689
2:40 Loom
5:03 Double-Bit Axe
10:43 Feudal Age
16:12 Castle Age
18:36 Cavalier
21:03 Horse Collar
23:04 Scale Barding Armor
24:29 Forging
26:36 Husbandry
31:10 Gold Mining
31:26 Heavy Plow
35:00 Iron Casting
39:40 Imperial Age
40:16 Wheelbarrow
39:51 Paladin
42:02 Scale Mail Armor
44:24 Squires
45:27 Blast Furnace
46:33 Pikeman
Squatch360
2:19 Loom
10:53 Feudal Age
12:18 Bloodlines
14:20 Wheelbarrow
14:03 Double-Bit Axe
14:42 Horse Collar
21:06 Castle Age
21:42 Scale Barding Armor
22:31 Husbandry
23:52 Forging
24:57 Hand Cart
25:11 Chain Barding Armor
32:31 Iron Casting
32:03 Vendel Legacy
37:44 Imperial Age
35:54 Heavy Plow
39:15 Plate Barding Armor
38:13 Cavalier
40:48 Blast Furnace
42:17 Conscription
46:52 Fletching
FrenchFryd
5:47 Loom
14:08 Feudal Age
16:13 Double-Bit Axe
19:16 Castle Age
20:22 Husbandry
21:11 Pikeman
23:08 Gold Mining
27:05 Wheelbarrow
27:05 Bow Saw
28:43 Forging
31:07 Hand Cart
37:08 Imperial Age
36:27 Gold Shaft Mining
36:30 Scale Barding Armor
37:00 Iron Casting
36:46 Fletching
37:11 Careening
37:22 Cavalier
38:28 Chain Barding Armor
39:32 Paladin
43:44 Ballistics
44:27 Chemistry
44:43 Plate Barding Armor
45:08 Blast Furnace
44:45 Masonry
wolololigma
3:49 Loom
12:38 Feudal Age
13:36 Double-Bit Axe
20:25 Horse Collar
30:01 Castle Age
29:39 Wheelbarrow
29:47 Forging
30:54 Heavy Plow
31:06 Bow Saw
30:48 Gold Mining
30:50 Stone Mining
39:32 Squires
42:25 Bloodlines
42:22 Scale Barding Armor
43:26 Hand Cart
46:10 Arson
47:02 Iron Casting
49:59 Imperial Age
Connection lost

Rejoining the realm…

Still unreachable

The connection could not be restored.

Session expired

The server has moved on; the page needs a fresh start.